 Dungeon Crawl Stone Soup version 0.17-a0-18-gc25b939 (webtiles) character file.

247 Chiseanne the Vexing (level 5, -1/38 HPs)
             Began as a Mummy Enchanter on Mar 11, 2015.
             Slain by an orc
             ... wielding a +0 flail
              (7 damage)
             ... on level 4 of the Dungeon.
             The game lasted 00:08:21 (3285 turns).

Chiseanne the Vexing (Mummy Enchanter)              Turns: 3285, Time: 00:08:21

Health: -1/38      AC:  3    Str: 11    XL:     5   Next: 85%
Magic:  14/20      EV: 13    Int: 15    God:
Gold:   86         SH:  0    Dex: 12    Spells: 4 memorised, 2 levels left

rFire  x . .     SeeInvis .     a - +0 halberd (distort)
rCold  + . .     Clarity  .     b - +1 robe
rNeg   + + +     SustAb   .     (no shield)
rPois  ∞         Gourm    .     (no helmet)
rElec  .         Spirit   .     (no cloak)
rCorr  .         Warding  .     (no gloves)
rMut   .         Stasis   .     (no boots)
MR     .....                    (no amulet)
Stlth  ++........               (no ring)
                                g - ring of magical power

@: not resistant to hostile enchantments, unstealthy
A: no food or potions, fire vulnerability, restore body, cold resistance 1,
negative energy resistance 3, poison resistance, torment resistance, unbreathing
a: no special abilities


You were on level 4 of the Dungeon.
You were not hungry.

You visited 1 branch of the dungeon, and saw 4 of its levels.

You collected 86 gold pieces.

Inventory:

Hand weapons
 a - a +0 halberd of distortion (weapon)
Missiles
 h - 8 javelins (quivered)
Armour
 b - a +1 robe (worn)
Jewellery
 g - a ring of magical power (left hand)
Scrolls
 d - 3 scrolls of identify
 e - 2 scrolls of remove curse
 f - a scroll of magic mapping {unknown}
 j - a scroll of enchant weapon {unknown}
Books
 c - a book of Maledictions

   Spells                             Type                      Level
   a - Corona                         Hexes                        1
   b - Sure Blade                     Hexes/Charms                 2
   c - Ensorcelled Hibernation        Hexes/Ice                    2
   d - Confuse                        Hexes                        3
   e - Dazzling Spray                 Conjuration/Hexes            3
   f - Enslavement                    Hexes                        4
Comestibles
 i - a bread ration


   Skills:
 * Level 1.9 Fighting
   Level 0.7 Short Blades
 * Level 2.8 Dodging
 - Level 2.4 Stealth
 * Level 3.6 Spellcasting
 * Level 3.9 Hexes


You had 2 spell levels left.
You knew the following spells:

 Your Spells              Type           Power        Failure   Level  Hunger
a - Corona                Hex            ##.....      4%          1    N/A
b - Ensorcelled Hibernat  Hex/Ice        #.....       14%         2    N/A
c - Confuse               Hex            ##......     14%         3    N/A
d - Dazzling Spray        Conj/Hex       #.......     30%         3    N/A

Dungeon Overview and Level Annotations

Branches:
Dungeon (4/15)
 Temple: D:4-7

Altars:
Okawaru
Zin

Shops:
D:4 *

Annotations:
D:3 espenoss' ghost, average SpEn
Abyss:1 Crazy Yiuf, Sigmund


Innate Abilities, Weirdness & Mutations

You do not eat or drink.
Your flesh is vulnerable to fire.
Your flesh is cold resistant.
You are immune to negative energy.
Your system is resistant to poisons.
You are immune to unholy pain and torment.
You can survive without breathing.


Message History

The orc is outlined in light.
The orc hits you but does no damage.
Casting: Corona
Confirm with . or Enter, or press ? or * to list all spells.
Aiming: Ensorcelled Hibernation
Press: ? - help, Shift-Dir - straight line, f/p - orc
Aim: an orc, wielding a flail (softly glowing, chance 57%)
The orc resists with significant effort.
Casting: Ensorcelled Hibernation
Confirm with . or Enter, or press ? or * to list all spells.
Aiming: Ensorcelled Hibernation
Press: ? - help, Shift-Dir - straight line, f/p - orc
Aim: an orc, wielding a flail (softly glowing, chance 57%)
The orc looks drowsy...
The helpless orc fails to defend itself.
You hit the orc.
The orc looks slightly unstable.
The orc is lightly wounded.
The orc hits you with a flail.
* * * LOW HITPOINT WARNING * * *
The orc hits you with a flail!
You die...

#.#...#### ##...(.....
###.##..#########...........
............................
.......##.#####...#).##.#.##
##..#####..##...###.## ...
#............#####.###...#
##.....###.#............#
.......###........#######
...............)@##
...#####..###..o†#
########.# #..... .........#
......## .........##......#
......... #....... .........
.....#. ......... .... .
........ # #


You could see an orc.

Vanquished Creatures
  An orc priest (D:4)
  An orc wizard (D:3)
  A gnoll (D:1)
  5 adders
  An adder skeleton (D:4)
  A giant gecko (D:1)
  5 orcs
  A ball python (D:1)
  5 bats (D:1)
  A bat skeleton (D:4)
  4 giant cockroaches
  6 goblins
  10 hobgoblins
  6 kobolds
  A quokka (D:2)
  A giant gecko skeleton (D:4)
  3 giant newts
  9 rats
62 creatures vanquished.

Notes
Turn   | Place    | Note
--------------------------------------------------------------
     0 | D:1      | Chiseanne, the Mummy Enchanter, began the quest for the Orb.
     0 | D:1      | Reached XP level 1. HP: 13/13 MP: 3/3
   457 | D:1      | Reached XP level 2. HP: 11/20 MP: 4/4
   608 | D:1      | Reached skill level 3 in Hexes
   855 | D:1      | Learned a level 2 spell: Ensorcelled Hibernation
  1211 | D:1      | Reached skill level 1 in Fighting
  1211 | D:1      | Reached XP level 3. HP: 22/26 MP: 6/6
  1466 | D:1      | Learned a level 3 spell: Confuse
  1818 | D:2      | Found an iron altar of Okawaru.
  2011 | D:2      | Noticed Sigmund
  2028 | D:2      | Banished Sigmund
  2028 | D:2      | Reached XP level 4. HP: 11/32 MP: 8/8
  2292 | D:2      | Noticed Crazy Yiuf
  2298 | D:2      | Banished Crazy Yiuf
  2341 | D:2      | Learned a level 3 spell: Dazzling Spray
  2606 | D:2      | Reached XP level 5. HP: 28/37 MP: 11/11
  2816 | D:3      | Noticed espenoss' ghost (average SpEn)
  3004 | D:4      | Found Zin's Purification Station.
  3006 | D:4      | Found a glowing silver altar of Zin.
  3285 | D:4      | Slain by an orc

Action                   |  1- 3 |  4- 6 || total
-------------------------+-------+-------++-------
Melee: Dagger            |    56 |       ||    56
       Halberd           |    53 |    76 ||   129
 Cast: Corona            |    34 |    16 ||    50
       Ensorcelled Hiber |     9 |     8 ||    17
  Use: Scroll            |     5 |     1 ||     6
 Stab: Sleeping          |     8 |     5 ||    13
       Distracted        |       |     1 ||     1
